 Dungeon Crawl Stone Soup version 0.28-a0-1510-gd0f6b136d3 (webtiles) character file.

Game seed: 12009936061487915408

220038 mdonais the Fighter (level 19, -3/138 HPs)
             Began as an Octopode Brigand on Jan 13, 2022.
             Was the Champion of Okawaru.
             Slain by a deep elf blademaster (23 damage)
             ... on level 2 of the Elven Halls on Jan 15, 2022.
             The game lasted 03:23:37 (43447 turns).

mdonais the Fighter (Octopode Brigand)             Turns: 43447, Time: 03:23:37

Health: -3/138     AC: 14    Str: 14    XL:     19   Next: 55%
Magic:  34/37      EV: 26    Int: 28    God:    Okawaru [******]
Gold:   2763       SH: 26    Dex: 27    Spells: 19/31 levels left

rFire   + + .      SeeInvis +   a - +8 demon blade (flame)
rCold   + . .      Faith    .   l - +5 kite shield {rF+}
rNeg    . . .      Spirit   .   K - +5 hat of the Game of Life {Will- Int+5 Dex+3 SInv}
rPois   .          Reflect  +   E - amulet of Ruf Caos {Reflect rC+ MP+9 Str+4 SH+5}
rElec   .          Harm     .   g - +4 ring of protection
rCorr   .          Rampage  .   s - +4 ring of protection
Will    +++..                   c - ring of willpower
Stlth   +++++++...              f - ring of protection from fire
HPRegen 0.33/turn               y - +4 ring of slaying
MPRegen 0.25/turn               S - +4 ring of slaying
                                N - ring of the Equinox {*Corrode Will+ Int+6 Dex+4}
                                J - ring of willpower

@: no status effects
A: almost no armour, amphibious, 8 rings, camouflage 1, gelatinous body 1,
(nimble swimmer 1), tentacles, agile 1
a: Renounce Religion, Heroism, Finesse, Duel


You were on level 2 of the Elven Halls.
You worshipped Okawaru.
Okawaru was exalted by your worship.
You visited 7 branches of the dungeon, and saw 33 of its levels.
You also visited: Bailey and Ice Cave.

You collected 3168 gold pieces.
You spent 405 gold pieces at shops.

Inventory:

Hand Weapons
 a - a +8 demon blade of flaming (weapon)
   (You found it on level 10 of the Dungeon)
 v - a +2 fustibalus of flaming
   (Okawaru gifted it to you in the Arena)
Missiles
 x - 5 silver javelins
 z - 66 poisoned darts
 F - 9 curare-tipped darts (quivered)
 Z - 2 throwing nets {=!f}
Armour
 l - a +5 kite shield of fire resistance (worn)
   (Okawaru gifted it to you on level 13 of the Dungeon)
 w - the +0 hat of Attag {Regen+ Str+6}
   (Okawaru gifted it to you on level 15 of the Dungeon)

   Str:       It affects your strength (+6).
   Regen:     It increases your rate of health regeneration.
 K - the +5 hat of the Game of Life (worn) {Will- Int+5 Dex+3 SInv}
   (Okawaru gifted it to you on level 6 of the Lair of Beasts)

   Int:       It affects your intelligence (+5).
   Dex:       It affects your dexterity (+3).
   SInv:      It lets you see invisible.
   Will:      It decreases your willpower.
Jewellery
 c - a ring of willpower (on tentacle)
   (You found it on level 5 of the Dungeon)
 f - a ring of protection from fire (on tentacle)
   (You found it on level 4 of the Lair of Beasts)
 g - a +4 ring of protection (left tentacle)
   (You found it on level 1 of the Spider Nest)
 o - a +6 ring of dexterity
   (You took it off a spriggan on level 6 of the Lair of Beasts)
 s - a +4 ring of protection (right tentacle)
   (You found it on level 3 of the Dungeon)
 t - a ring of positive energy
   (You found it on level 14 of the Dungeon)
 y - a +4 ring of slaying (on tentacle)
   (You found it on level 8 of the Dungeon)
 E - the amulet of Ruf Caos (around mantle) {Reflect rC+ MP+9 Str+4 SH+5}
   (You found it on level 3 of the Dungeon)

   [amulet of reflection]

   It reflects blocked missile attacks.
   Str:       It affects your strength (+4).
   rC:        It protects you from cold.
   MP:        It affects your magic capacity (+9).
   SH:        It affects your SH (+5).
 J - a ring of willpower (on tentacle)
   (You found it on level 1 of the Swamp)
 N - the ring of the Equinox (on tentacle) {*Corrode Will+ Int+6 Dex+4}
   (You took it off an orc warrior on level 2 of the Orcish Mines)

   [ring of intelligence]

   Int:       It affects your intelligence (+6).
   Dex:       It affects your dexterity (+4).
   *Corrode:  It may corrode you when you take damage.
   Will:      It increases your willpower.
 S - a +4 ring of slaying (on tentacle)
   (You found it on level 8 of the Dungeon)
Wands
 u - a wand of mindburst (30)
   (You found it on level 14 of the Dungeon)
 A - a wand of acid (12)
   (You found it on level 6 of the Lair of Beasts)
 D - a wand of digging (12)
   (You found it on level 1 of the Lair of Beasts)
 I - a wand of iceblast (38)
   (You took it off an orc warrior on level 7 of the Dungeon)
 P - a wand of paralysis (2)
   (You found it on level 2 of the Swamp)
 V - a wand of flame (24)
   (You took it off an orc on level 1 of the Orcish Mines)
Scrolls
 k - a scroll of holy word
 r - 2 scrolls of fear
 B - 6 scrolls of blinking
 M - a scroll of magic mapping
 O - 2 scrolls of silence
 R - 8 scrolls of identify
 T - 22 scrolls of teleportation
 X - 3 scrolls of immolation
Potions
 d - 2 potions of ambrosia
 e - 4 potions of resistance
 h - 5 potions of might
 i - 5 potions of heal wounds
 j - 4 potions of mutation
 m - 5 potions of lignification
 n - 4 potions of brilliance
 q - 4 potions of berserk rage
 G - 6 potions of invisibility
 H - 4 potions of haste
 Q - 17 potions of curing
 U - 3 potions of cancellation
 W - 4 potions of attraction
Miscellaneous
 b - a condenser vane
   (You found it on level 12 of the Dungeon)
 p - a lightning rod (4/4)
   (You found it on level 1 of the Elven Halls)
 Y - a tin of tremorstones (2/2)
   (You found it on level 3 of the Lair of Beasts)


   Skills:
 - Level 14.8 Fighting
 - Level 2.0(9.2) Short Blades
 - Level 13.9(14.0) Long Blades
 - Level 5.9 Maces & Flails
 - Level 4.5(5.2) Slings
 - Level 3.9(5.0) Throwing
 - Level 14.0 Dodging
 - Level 12.0 Stealth
 * Level 14.6 Shields
 * Level 6.5 Spellcasting
 - Level 5.0 Conjurations
 - Level 5.0 Hexes
 - Level 2.0 Transmutations
 - Level 7.0 Ice Magic
 - Level 3.0 Earth Magic
 - Level 11.0 Invocations
 - Level 9.8 Evocations


You had 19 spell levels left.
You knew the following spells:

 Your Spells              Type           Power      Damage    Failure   Level
a - Sandblast             Erth           52%        2d12      3%          1
b - Stone Arrow           Conj/Erth      62%        3d10      6%          3
c - Ozocubu's Armour      Ice            48%        N/A       1%          3
d - Dazzling Flash        Conj/Hex       74%        N/A       4%          3
e - Passwall              Tmut/Erth      19%        N/A       5%          2

Your spell library contained the following spells:

 Spells                   Type           Power      Damage    Failure   Level
 Magic Dart               Conj           100%       1d8       1%          1
 Slow                     Hex            100%       N/A       1%          1
 Ensorcelled Hibernation  Hex/Ice        84%        N/A       1%          2
 Shock                    Conj/Air       92%        1d8       3%          1
 Confusing Touch          Hex            37%        N/A       4%          3
 Static Discharge         Conj/Air       23%        N/A       5%          2
 Pain                     Necr           36%        1d5       11%         1
 Inner Flame              Hex/Fire       23%        N/A       11%         3
 Mephitic Cloud           Conj/Pois/Air  18%        N/A       16%         3
 Spider Form              Tmut/Pois      14%        N/A       21%         3
 Metabolic Englaciation   Hex/Ice        21%        N/A       24%         5
 Gell's Gravitas          Tloc           9%         N/A       30%         3
 Lesser Beckoning         Tloc           9%         N/A       30%         3
 Swiftness                Air            9%         N/A       30%         3
 Teleport Other           Tloc           9%         N/A       30%         3
 Vampiric Draining        Necr           9%         2d6       30%         3
 Anguish                  Hex/Necr       11%        N/A       36%         4
 Iskenderun's Mystic Bla  Conj/Tloc      23%        2d6       36%         4
 Airstrike                Air            4%         N/A       71%         4
 Lightning Bolt           Conj/Air       11%        1d24      71%         5
 Borgnjor's Vile Clutch   Necr/Erth      8%         N/A       83%         5
 Agony                    Necr           9%         N/A       96%         5
 Excruciating Wounds      Necr           4%         N/A       96%         5
 Starburst                Conj/Fire      11%        6d5       99%         6
 Statue Form              Tmut/Erth      15%        N/A       99%         6
 Dispersal                Tloc           4%         N/A       100%        6
 Lehudib's Crystal Spear  Conj/Erth      15%        10d5      100%        8
 Maxwell's Capacitive Co  Air            4%         ∞         100%        8
 Animate Skeleton         Necr           Unusable   N/A       N/A         1
 Summon Guardian Golem    Hex/Summ       Unusable   N/A       N/A         3
 Call Imp                 Summ           Unusable   N/A       N/A         2
 Animate Armour           Summ/Erth      Unusable   N/A       N/A         4
 Simulacrum               Ice/Necr       Unusable   N/A       N/A         6

Dungeon Overview and Level Annotations

Branches:
Dungeon (15/15)            Temple (1/1) D:7            Lair (6/6) D:10
  Swamp (3/4) Lair:2       Spider (4/4) Lair:2        Slime (0/5) Lair:5
    Orc (2/2) D:11            Elf (2/3) Orc:2        Vaults (0/5) D:14
 Depths (0/4) D:15         Bailey (visited)           IceCv (visited)

Altars:
Ashenzari
Cheibriados
Dithmenos
Elyvilon
Fedhas
Gozag
Hepliaklqana
Kikubaaqudgha
Makhleb
Nemelex Xobeh
Okawaru
Qazlal
Ru
Sif Muna
Trog
Uskayaw
Vehumet
Wu Jian
Xom
Yredelemnul
Zin
The Shining One
Beogh

Shops:
D:1 (   Orc:2 ![((

Portals:
Trove: D:12 (give 19 potions of curing)


Innate Abilities, Weirdness & Mutations

You cannot wear most types of armour.
You are amphibious.
You can wear up to eight rings at the same time.
Your skin changes colour to match your surroundings (Stealth+).
Your rubbery body absorbs attacks. (AC +1, EV +1)
((You are camouflaged when in or above water. (Stealth+)))
You have tentacles for arms and can constrict up to eight enemies at once.
You are agile. (Dex +2)


Message History

No target in view!
Things that are here:
a +0 long sword; a +0 leather armour
There is an open door here.
Could not explore, unopened runed door.
Could not explore, unopened runed door.
You open the gate.
There is an open translucent gate here.
You open the large door.
A deep elf knight comes into view.
It is wielding a +0 short sword. 2 deep elf pyromancers come into view.
There is a large open door here.
A +5 dire flail of venom and a deep elf pyromancer come into view.
The deep elf pyromancer is wielding a +2 dagger of holy wrath.
The helpless deep elf knight fails to defend itself.
You slice the deep elf knight like a ripe choko!!!
You burn the deep elf knight!!
You kill the deep elf knight!
Okawaru accepts your kill.
There is a large open door here.
What are your orders? t - Shout!
Orders for allies: a - Attack new target. r - Retreat! s - Stop attacking. g - Guard the area. f - Follow me.
Anything else - Cancel.
You shout for attention!
You hear a shout! x5
There is an open translucent gate here.
A deep elf blademaster comes into view. It is wielding two +0 rapiers.
Casting: Ozocubu's Armour (safe; 1% risk of failure)
Confirm with . or Enter, or press ? or * to list all spells.
A film of ice covers your body!
The deep elf blademaster hits you with a +0 rapier!
You block the deep elf blademaster's attack.
You take 13 damage, and have 125/138 hp.
You now have 34/37 mp.
You slash the deep elf blademaster! You burn the deep elf blademaster.
Your grab misses the deep elf blademaster.
The deep elf blademaster is lightly wounded.
You block the deep elf blademaster's attack.
The deep elf blademaster closely misses you.
The deep elf pyromancer gestures at you while chanting.
The sticky flame reflects off an invisible shield around you!
The sticky flame hits the deep elf pyromancer.
The deep elf pyromancer is covered in liquid flames!
You completely miss the deep elf blademaster.
Your grab misses the deep elf blademaster.
The deep elf blademaster is lightly wounded.
The deep elf pyromancer burns!
The deep elf blademaster misses you.
The deep elf blademaster hits you with a +0 rapier!
You take 10 damage, and have 115/138 hp.
You closely miss the deep elf blademaster.
You grab the deep elf blademaster.
The deep elf blademaster is lightly wounded.
You constrict the deep elf blademaster.
The deep elf pyromancer casts a spell at you.
The bolt of fire misses you.
You block the deep elf blademaster's attack. x2
You slash the deep elf blademaster! You burn the deep elf blademaster.
You squeeze the deep elf blademaster.
The deep elf blademaster is moderately wounded.
You constrict the deep elf blademaster.
The deep elf pyromancer burns!
The deep elf blademaster hits you with a +0 rapier!
The deep elf blademaster hits you with a +0 rapier.
The +5 dire flail of venom hits you!!
You are poisoned.
You take 39 damage, and have 76/138 hp.
MASSIVE DAMAGE!!
You slice the deep elf blademaster!! You burn the deep elf blademaster!
You squeeze the deep elf blademaster, but do no damage.
The deep elf blademaster is severely wounded.
You constrict the deep elf blademaster.
You feel very sick.
The deep elf blademaster hits you but does no damage.
The deep elf blademaster completely misses you.
You block the +5 dire flail of venom's attack.
You take 5 damage, and have 71/138 hp.
You hit the deep elf blademaster. You burn the deep elf blademaster.
You tentacle-slap the deep elf blademaster, but do no damage.
The deep elf blademaster is severely wounded.
You constrict the deep elf blademaster.
You feel very sick.
The deep elf blademaster hits you with a +0 rapier.
The deep elf blademaster hits you with a +0 rapier!
You block the +5 dire flail of venom's attack.
You take 18 damage, and have 53/138 hp.
Aiming: Duel (9% risk of failure)
Press: ? - help, Dir - move target, f - deep elf pyromancer
Aim: a deep elf pyromancer, wielding a +0 long sword You enter into single combat with the deep elf pyromancer!
You lose your grip on the deep elf blademaster.
The world spins around you as you enter the gateway.
You enter Okawaru's Arena!
Your icy armour cracks and falls away as you move.
You feel very sick.
The spectator shouts! x5
You block the deep elf pyromancer's attack.
The spectator shouts! x3
Found a gate leading back out of this place.
There is an empty arch of ancient stone here.
You take 2 damage, and have 51/138 hp.
You now have 28/37 mp.
You barely miss the deep elf pyromancer.
The spectator shouts! x6
Your grab misses the deep elf pyromancer.
You squeeze the deep elf pyromancer!
The deep elf pyromancer is moderately wounded.
You feel very sick.
You take 3 damage, and have 48/138 hp.
You hit the deep elf pyromancer. You burn the deep elf pyromancer.
You grab the deep elf pyromancer.
The deep elf pyromancer is moderately wounded.
You constrict the deep elf pyromancer.
You feel sick.
The deep elf pyromancer completely misses you.
You take 2 damage, and have 46/138 hp.
You slice the deep elf pyromancer!! You burn the deep elf pyromancer.
You kill the deep elf pyromancer!
Okawaru accepts your kill. Okawaru grants you a weapon!
Something appears before you!
You see here a +2 fustibalus of flaming.
Okawaru crowns you victorious!
An exit appears.
You feel sick.
You take 2 damage, and have 44/138 hp.
You feel sick.
Things that are here:
a +0 long sword; an elf corpse You take 1 damage, and have 43/138 hp.
You feel sick.
v - a +2 fustibalus of flaming
There is an empty arch of ancient stone here.
You feel sick.
You take 4 damage, and have 39/138 hp.
You feel sick.
Things that are here:
a +0 long sword; an elf corpse You start resting.
You feel sick. x4
You are no longer poisoned.
You take 3 damage, and have 36/138 hp.
You start resting.
Okawaru bids you farewell from the Arena.
You regained 2 hp, and now have 38/138 hp.
The spectator's armour gleams in the torchlight.
There is an empty arch of ancient stone here.
You are returned from the Arena.
Welcome back to the Elven Halls!
A +2 short sword of draining comes into view.
You block the deep elf blademaster's attack.
The deep elf blademaster hits you with a +0 rapier!!
* * * LOW HITPOINT WARNING * * *
You block the +5 dire flail of venom's attack.
The deep elf blademaster hits you with a +0 rapier!!
You die...

#......e....... ...............
.......)....... #.....##
##.#.''#++ ###...# #
######'''###### ## #
#.(...........# #. #
#..@#.....#...# #'
#.e###...###..# #. #.## ##.##
##.# #.
#######..###...###..#####.
##.........#.....#.......).
#####....................#####.
###...'..........#.....#...# #.
....###.........###...###..# #.
##.## #........## ##.## ##)# #.


You could see a deep elf blademaster and a +5 dire flail of venom.

Vanquished Creatures
  Arachne (Spider:3)
  Jorgrun (Spider:1)
  A quicksilver dragon (Orc:2)
  Aizul (Spider:4)
  3 emperor scorpions
  Louise (Spider:3)
  3 ghost moths
  2 deep elf elementalists (Elf:1)
  A reaper (IceCv)
  2 broodmothers
  3 eleionomae
  Nessos (Orc:2)
  8 entropy weavers
  A dire elephant (D:15)
  A deep elf demonologist (Elf:1)
  3 bunyips (Swamp:1)
  A deep elf annihilator (Elf:1)
  8 spark wasps
  A fire dragon (D:15)
  The ghost of browni3141 the Severer, a journeyman PaBe of Trog (Orc:2)
  A deep elf high priest (Elf:1)
  A great orb of eyes (D:15)
  6 vault guards
  10 boulder beetles
  A shambling mangrove (Swamp:2)
  2 jorogumos
  A ghost crab (Swamp:1)
  2 ogre magi (D:15)
  4 catoblepae
  Erica (D:10)
  18 hydras
  9 centaur warriors
  18 two-headed ogres
  7 alligators
  13 dancing weapons
  2 radroaches
  A spriggan berserker (Swamp:2)
  22 spriggans
  Sonja (D:12)
  Urug (Orc:2)
  8 deep elf knights
  Nergalle (Lair:1)
  The ghost of riojii the Thaumaturge, a novice DjFE (D:8)
  A pharaoh ant (Spider:1)
  8 goliath frogs
  5 steelbarb worms
  3 spriggan druids
  2 sun moths
  A swamp dragon (Swamp:2)
  4 orb spiders
  6 deep elf archers
  An orb spider (shapeshifter) (Elf:1)
  6 orc knights
  7 bog bodies
  17 deep elf pyromancers
  23 deep elf zephyrmancers
  16 wolf spiders
  22 ugly things
  An orc sorcerer (Orc:2)
  8 cyclopes
  13 slime creatures
  4 manticores
  6 will-o-the-wisps
  A salamander (D:15)
  5 black mambas
  A guardian serpent (shapeshifter) (D:14)
  5 moths of wrath
  10 elephants
  5 centaur zombies
  3 torpor snails
  2 ice statues (IceCv)
  11 cane toads
  3 unseen horrors
  12 demonic crawlers
  A gargoyle (D:13)
  A kobold demonologist (D:11)
  4 rime drakes
  8 komodo dragons
  A guardian mummy (D:12)
  6 ice devils (IceCv)
  A tengu conjurer (D:15)
  An entropy weaver simulacrum (IceCv)
  5 trolls
  A bloated husk (Swamp:3)
  11 meliai
  3 polar bears
  7 tyrant leeches
  23 tarantellas
  13 hornets
  Prince Ribbit (Bailey)
  9 blink frogs
  A meliai zombie (D:11)
  14 dream sheep
  24 jumping spiders
  4 shadows
  4 water elementals
  A vampire (D:9)
  A dire elephant simulacrum (IceCv)
  Sigmund (D:6)
  19 culicivoras
  5 wyverns
  3 air elementals
  4 humans (Bailey)
  4 wraiths
  47 yaks
  Grum (Lair:1)
  2 fire elementals (Elf:1)
  2 steam dragons
  The ghost of Pin the Cutter, an amateur DgWn (D:5)
  46 redbacks
  6 basilisks
  A death yak simulacrum (IceCv)
  6 vampire mosquitoes (Swamp:1)
  17 swamp worms
  5 wargs
  16 water moccasins
  2 acid dragons
  2 swamp drakes
  An ice beast (D:7)
  34 orc warriors
  2 sky beasts
  41 wolves
  6 black bears
  6 ogres
  3 boggarts (Lair:6)
  18 centaurs
  13 kobold brigands
  5 gnoll sergeants
  2 two-headed ogre simulacra (IceCv)
  21 bullfrogs
  4 earth elementals
  2 scorpions (D:5)
  A wyvern skeleton (D:5)
  6 killer bees (D:10)
  2 elephant simulacra (IceCv)
  13 wights
  A howler monkey (D:9)
  4 electric eels
  A crimson imp (Orc:1)
  24 orc priests
  A hound (D:6)
  5 jellies
  2 gnoll shamans
  An iron imp (Orc:1)
  A bullfrog skeleton (D:5)
  3 iguanas
  34 orc wizards
  A spriggan simulacrum (IceCv)
  2 polar bear simulacra (IceCv)
  A killer bee zombie (D:8)
  A wolf simulacrum (IceCv)
  2 hound skeletons
  15 gnolls
  7 adders
  4 naga simulacra (IceCv)
  3 shadow imps
  2 white imps
  6 ufetubi
  An adder skeleton (D:5)
  3 worms (D:2)
  2 dart slugs
  118 orcs
  10 ball pythons
  8 endoplasms
  3 giant cockroaches
  12 hobgoblins
  8 jackals
  5 quokkas
  5 bats
  3 frilled lizards
  9 goblins
  17 kobolds
  10 rats
1237 creatures vanquished.

Vanquished Creatures (others)
  A dancing weapon (Elf:2)
  A deep elf knight (Elf:2)
  2 bloated husks
  A human (D:4)
  A kobold brigand (D:11)
  An orc (Orc:1)
  22 foxfires
  38 fungi
  49 plants
116 creatures vanquished.

Grand Total: 1353 creatures vanquished

Notes
Turn   | Place    | Note
-------+----------+-------------------------------------------
     0 | D:1      | mdonais the Octopode Brigand began the quest for the Orb.
     0 | D:1      | Reached XP level 1. HP: 14/14 MP: 1/1
   277 | D:1      | Reached XP level 2. HP: 16/20 MP: 2/2
   711 | D:1      | Reached XP level 3. HP: 24/26 MP: 3/3
   832 | D:1      | Found Koann's Weapon Boutique.
  1722 | D:2      | Reached XP level 4. HP: 33/33 MP: 4/4
  2140 | D:3      | Noticed a great orb of eyes
  2142 | D:3      | Found a faded altar of an unknown god.
  2148 | D:3      | Noticed a floating eye
  2151 | D:3      | Noticed an eye of devastation
  2151 | D:3      | Noticed a golden eye
  2168 | D:3      | Identified the amulet of Ruf Caos {Reflect rC+ MP+9 Str+4
                  | SH+5}
  2466 | D:4      | Reached XP level 5. HP: 38/38 MP: 5/5
  2499 | D:4      | Reached skill level 5 in Fighting
  2811 | D:4      | Reached XP level 6. HP: 45/45 MP: 6/6
  3120 | D:4      | Found an ancient bone altar of Kikubaaqudgha.
  3121 | D:4      | Noticed a human
  3123 | D:4      | Killed a human
  3174 | D:5      | Entered Level 5 of the Dungeon
  3178 | D:5      | Noticed Pin's ghost (amateur DgWn)
  3179 | D:5      | Found a transporter.
  3181 | D:5      | Noticed a two-headed ogre
  3184 | D:5      | Found a transporter.
  3402 | D:5      | Reached skill level 1 in Evocations
  3402 | D:5      | Reached XP level 7. HP: 50/50 MP: 7/7
  4397 | D:6      | Noticed Sigmund
  4408 | D:6      | Reached skill level 1 in Shields
  4745 | D:6      | Reached XP level 8. HP: 57/57 MP: 8/8
  5021 | D:6      | Killed Sigmund
  5130 | D:7      | Found a staircase to the Ecumenical Temple.
  5145 | Temple   | Entered the Ecumenical Temple
  5516 | Temple   | Upgraded the game from 0.28-a0-1506-g3893175d92 to
                  | 0.28-a0-1510-gd0f6b136d3
  5531 | Temple   | Became a worshipper of Warmaster Okawaru
  5756 | D:7      | Reached skill level 5 in Shields
  6175 | D:7      | Reached skill level 1 in Invocations
  6207 | D:7      | Reached * piety under Okawaru
  6504 | D:7      | Reached XP level 9. HP: 63/63 MP: 10/10
  6507 | D:7      | Learned a level 2 spell: Passwall
  6511 | D:7      | Learned a level 3 spell: Stone Arrow
  6513 | D:7      | Learned a level 1 spell: Sandblast
  6914 | D:8      | Reached skill level 1 in Earth Magic
  6973 | D:8      | Noticed Maurice
  6976 | D:8      | Noticed Maurice
  6976 | D:8      | Maurice changed into Maurice the wyvern
  6987 | D:8      | Killed Maurice the wyvern
  7001 | D:8      | Reached skill level 5 in Dodging
  7058 | D:8      | Reached skill level 1 in Long Blades
  7411 | D:8      | Reached ** piety under Okawaru
  7476 | D:8      | Reached skill level 1 in Slings
  7572 | D:8      | Reached skill level 1 in Spellcasting
  7572 | D:8      | Reached skill level 1 in Transmutations
  7736 | D:8      | Found a transporter.
  7742 | D:8      | Found a bloodstained altar of Trog.
  7743 | D:8      | Noticed a two-headed ogre
  7744 | D:8      | Noticed riojii's ghost (novice DjFE)
  7754 | D:8      | Found a transporter.
  7769 | D:8      | Noticed a moth of wrath
  8176 | D:9      | Noticed a hornet
  8229 | D:9      | Identified the +7 flail of the Destroying Penguin
                  | {antimagic, rN++}
  8265 | D:9      | Found a flagged portal.
  8274 | Bailey   | Entered a bailey
  8294 | Bailey   | Reached skill level 1 in Maces & Flails
  8294 | Bailey   | Reached XP level 10. HP: 69/71 MP: 7/13
  8561 | Bailey   | Reached *** piety under Okawaru
  8589 | Bailey   | Noticed Prince Ribbit
  8594 | Bailey   | Killed Prince Ribbit
  8594 | Bailey   | Noticed a vault guard
  8643 | Bailey   | Killed a vault guard
  8694 | Bailey   | Noticed a vault guard
  8726 | Bailey   | Killed a vault guard
  8726 | Bailey   | Reached **** piety under Okawaru
  8727 | Bailey   | Reached skill level 5 in Maces & Flails
  9106 | D:9      | Noticed a two-headed ogre
  9341 | D:9      | Reached XP level 11. HP: 77/77 MP: 7/14
  9351 | D:9      | Reached skill level 5 in Invocations
  9742 | D:9      | Killed a two-headed ogre
  9742 | D:9      | Reached ***** piety under Okawaru
 10365 | D:5      | Killed a two-headed ogre
 10370 | D:5      | Killed Pin's ghost
 10558 | D:10     | Entered Level 10 of the Dungeon
 10642 | D:10     | Noticed Erica
 10652 | D:10     | Killed Erica
 10827 | D:10     | Received a gift from Okawaru
 10889 | D:10     | Noticed a two-headed ogre
 10906 | D:10     | Killed a two-headed ogre
 10908 | D:10     | Noticed a cyclops
 10912 | D:10     | Killed a cyclops
 11004 | D:10     | Noticed a two-headed ogre
 11011 | D:10     | Killed a two-headed ogre
 11012 | D:10     | Reached skill level 5 in Long Blades
 11028 | D:10     | Found a staircase to the Lair.
 11581 | D:10     | Noticed a manticore
 11590 | D:10     | Killed a manticore
 11590 | D:10     | Received a gift from Okawaru
 11732 | D:11     | Noticed a cyclops
 11848 | D:11     | Killed a cyclops
 11849 | D:11     | Reached XP level 12. HP: 85/85 MP: 16/16
 11867 | D:11     | Identified the +5 glaive of Wisdom {drain, rPois rF+}
 12032 | D:11     | Found a staircase to the Orcish Mines.
 12197 | D:11     | Received a gift from Okawaru
 12328 | D:11     | Noticed a boulder beetle
 12358 | D:11     | Killed a boulder beetle
 12530 | D:11     | Noticed a sun demon
 12926 | Lair:1   | Entered Level 1 of the Lair of Beasts
 12932 | Lair:1   | Reached skill level 10 in Fighting
 13216 | Lair:1   | Noticed a five-headed hydra
 13225 | Lair:1   | Killed a four-headed hydra
 13379 | Lair:1   | Noticed Nergalle
 13514 | Lair:1   | Killed Nergalle
 13514 | Lair:1   | Reached ****** piety under Okawaru
 13568 | Lair:1   | Reached XP level 13. HP: 92/97 MP: 17/17
 13666 | Lair:1   | Noticed Grum
 13676 | Lair:1   | Reached skill level 10 in Long Blades
 13683 | Lair:1   | Killed Grum
 14117 | Lair:1   | Noticed Fannar
 14126 | Lair:1   | Noticed Fannar
 14126 | Lair:1   | Fannar changed into Fannar the jumping spider
 14129 | Lair:1   | Killed Fannar the jumping spider
 14374 | Lair:2   | Received a gift from Okawaru
 14590 | Lair:2   | You are sucked into a shaft and drop 2 floors!
 15442 | Lair:2   | Received a gift from Okawaru
 15443 | Lair:2   | Reached skill level 10 in Stealth
 15620 | Lair:2   | Found a hole to the Spider Nest.
 16391 | Lair:2   | Found a staircase to the Swamp.
 16443 | Lair:2   | Reached XP level 14. HP: 103/103 MP: 20/20
 17130 | Lair:4   | Received a gift from Okawaru
 17443 | Lair:4   | Identified the +11 long sword "Annugiash" {vorpal, rC+
                  | Dex+3}
 17754 | Lair:5   | Reached skill level 10 in Dodging
 18782 | Lair:5   | Found a staircase to the Slime Pits.
 19325 | Orc:1    | Entered Level 1 of the Orcish Mines
 19480 | Orc:2    | Entered Level 2 of the Orcish Mines
 19506 | Orc:2    | Found a staircase to the Elven Halls.
 19530 | Orc:2    | Noticed Urug
 19541 | Orc:2    | Killed Urug
 19608 | Orc:2    | Found Hifoirim's Antique Weapon Boutique.
 21148 | Orc:1    | Learned a level 3 spell: Ozocubu's Armour
 21324 | Orc:2    | Noticed Nessos
 21366 | Orc:2    | Killed Nessos
 21589 | Orc:2    | Identified the +2 buckler "Fasemiwk" {Slay+3} (Okawaru
                  | gifted it to you on level 2 of the Orcish Mines)
 21589 | Orc:2    | Received a gift from Okawaru
 21790 | Orc:2    | Found a runed translucent gate.
 21792 | Orc:2    | Found a runed translucent gate.
 21793 | Orc:2    | Found a runed translucent gate.
 21793 | Orc:2    | Noticed browni3141's ghost (journeyman PaBe)
 21857 | Orc:2    | Identified the ring of the Equinox {*Corrode Will+ Int+6
                  | Dex+4}
 22153 | Orc:2    | Found Ykloc's Antique Armour Boutique.
 22365 | Orc:2    | Noticed an orc warlord
 22370 | Orc:2    | Found Gecaigis's Distillery.
 22543 | Orc:2    | Noticed a quicksilver dragon
 22543 | Orc:2    | an orc warlord changed into a quicksilver dragon
 22744 | Orc:2    | Found Vuzun's Antique Weapon Shop.
 22969 | Orc:2    | Killed browni3141's ghost
 23076 | Orc:2    | Identified the +0 pair of boots of the Game Afoot {Will+}
 23190 | Orc:2    | Killed a quicksilver dragon
 23191 | Orc:2    | Reached skill level 1 in Ice Magic
 23201 | Orc:2    | Bought a potion of cancellation for 120 gold pieces
 23201 | Orc:2    | Bought a potion of resistance for 150 gold pieces
 23760 | D:12     | Noticed Sonja
 23763 | D:12     | Killed Sonja
 23779 | D:12     | Reached XP level 15. HP: 80/109 MP: 21/21
 24203 | D:12     | Found a portal to a secret trove of treasure.
 24207 | D:12     | Reached skill level 5 in Ice Magic
 24575 | Lair:6   | Entered Level 6 of the Lair of Beasts
 24652 | Lair:6   | Identified the +5 hat of the Game of Life {Will- Int+5
                  | Dex+3 SInv} (Okawaru gifted it to you on level 6 of the
                  | Lair of Beasts)
 24652 | Lair:6   | Received a gift from Okawaru
 24658 | Lair:6   | Reached skill level 5 in Evocations
 24699 | Lair:6   | Learned a level 3 spell: Dazzling Flash
 24838 | Lair:6   | Reached skill level 1 in Conjurations
 24976 | Lair:6   | Reached skill level 1 in Hexes
 26051 | D:8      | Killed riojii's ghost
 26214 | Orc:2    | Bought a potion of curing for 45 gold pieces
 26214 | Orc:2    | Bought a potion of curing for 45 gold pieces
 26214 | Orc:2    | Bought a potion of curing for 45 gold pieces
 26312 | D:13     | Found a frozen archway.
 26323 | IceCv    | Entered an ice cave
 27311 | D:13     | Received a gift from Okawaru
 27598 | D:14     | Reached XP level 16. HP: 115/116 MP: 23/23
 27638 | D:14     | Found a gate to the Vaults.
 27679 | D:14     | Reached skill level 10 in Invocations
 27683 | D:14     | Reached skill level 5 in Conjurations
 27686 | D:14     | Reached skill level 5 in Hexes
 28043 | D:14     | Found a blossoming altar of Fedhas.
 28445 | D:15     | Entered Level 15 of the Dungeon
 28628 | D:15     | Reached skill level 10 in Shields
 28713 | D:15     | Received a gift from Okawaru
 28974 | D:15     | Found a staircase to the Depths.
 29216 | D:15     | Identified the +0 hat of Attag {Regen+ Str+6} (Okawaru
                  | gifted it to you on level 15 of the Dungeon)
 29216 | D:15     | Received a gift from Okawaru
 30373 | Spider:1 | Entered Level 1 of the Spider Nest
 30836 | Spider:1 | Noticed Jorgrun
 30848 | Spider:1 | Killed Jorgrun
 30849 | Spider:1 | Reached XP level 17. HP: 59/123 MP: 24/24
 32771 | Spider:1 | Identified the +0 hat of Okawaru's Vengeance {rC+} (Okawaru
                  | gifted it to you on level 1 of the Spider Nest)
 32771 | Spider:1 | Received a gift from Okawaru
 33135 | Spider:1 | Gained mutation: You are agile. (Dex +2) [potion of
                  | mutation]
 33998 | Spider:3 | Noticed Louise
 34012 | Spider:3 | Killed Louise
 34048 | Spider:3 | Noticed Arachne
 34924 | Spider:3 | Killed Arachne
 35229 | Spider:3 | Received a gift from Okawaru
 35736 | Spider:3 | Reached skill level 5 in Spellcasting
 35811 | Spider:3 | Reached XP level 18. HP: 131/131 MP: 16/25
 36096 | Spider:4 | Entered Level 4 of the Spider Nest
 36702 | Spider:4 | Noticed Aizul
 36749 | Spider:4 | Killed Aizul
 36749 | Spider:4 | Received a gift from Okawaru
 38099 | Swamp:1  | Entered Level 1 of the Swamp
 39498 | Swamp:2  | Received a gift from Okawaru
 40745 | Swamp:3  | Identified the +4 buckler "Apsaish" {Int+2} (Okawaru gifted
                  | it to you on level 3 of the Swamp)
 40745 | Swamp:3  | Received a gift from Okawaru
 41290 | Elf:1    | Entered Level 1 of the Elven Halls
 41467 | Elf:1    | Reached XP level 19. HP: 119/137 MP: 26/26
 42198 | Elf:1    | Got the Incunabulum of Ashen Curses
 42690 | Elf:2    | Paralysed by an air elemental for 1 turns
 42887 | Elf:2    | Found a runed translucent gate.
 42887 | Elf:2    | Found a runed translucent gate.
 42890 | Elf:2    | Found a runed translucent gate.
 43424 | Arena    | Entered the Arena
 43427 | Arena    | Received a gift from Okawaru
 43447 | Elf:2    | Slain by a deep elf blademaster

Illustrated notes

Levels and vault maps discovered:
D:1:      dpeg_arrival_pond, layout_basic, serial_shops,
          nicolae_shop_statue_plus, minmay_misc_feat_alley,
          nrook_mini_backslash, st_stairs_10
D:2:      layout_basic, serial_bayou_pond_e
D:3:      layout_rooms, hellmonk_ecumenical_altar_watching_god,
          roderic_st_hans_cross
D:4:      wad_crossroads, layout_loops_ring, tgw_kikubaaqudgha
D:5:      layout_loops_cross, gammafunk_ghost_arena
D:6:      layout_basic, minmay_misc_feat_encased, uniq_sigmund
D:7:      layout_loops_corners, minmay_temple_entry_offerings
D:8:      layout_cave_pools, gammafunk_ghost_wrathful_warriors,
          amcnicky_mini_pool_medium, uniq_maurice
D:9:      layout_layer_cave, enter_bailey_4, kennysheep_generic_room_2
D:10:     layout_basic, lair_entry_dummy, uniq_erica
D:11:     layout_basic, hiddenorc1_lemuel, special_room [special_room_kobold]
D:12:     layout_gridville, nicolae_trove_entry_path_of_doom, uniq_sonja
D:13:     layout_roguey, portal_ice_cave_entry_pillars_2
D:14:     layout_long_grid, lightli_vaults_fourway_checkpoint,
          chequers_serial_rivers_small_a, fedhas_altar_3
D:15:     hangedman_depths_entry_try_elsewhere_first, layout_loops_corners,
          feat_on_display
Temple:   nicolae_temple_the_god_donut
Lair:1:   layout_chaotic_city, minivault_19, grunt_forest_large_clearings,
          uniq_grum, uniq_fannar, uniq_nergalle
Lair:2:   layout_cave_pods, palyth_hydra_swamp_entry, spider_nest_entry_a,
          st_stairs_11, serial_bayou_shore_a
Lair:3:   layout_loops_ring, grunt_megastairs_2
Lair:4:   layout_hall_layers, guppyfry_lair_drakes
Lair:5:   layout_cave_pods, minmay_slime_entry_pillars,
          grunt_forest_stairs_basic, minmay_holes
Lair:6:   minmay_lair_end_enchanted_forest, layout_long_grid
Swamp:1:  layout_falls_marsh, nicolae_swamp_very_dense_foliage, swamp_pool2
Swamp:2:  layout_basic_swamp, evilmike_swamp_ruin_house_6, swamp_pool5,
          nicolae_swamp_trees_clearing, nicolae_swamp_soggy_hallways,
          infiniplex_staircase_pool
Swamp:3:  layout_basic_swamp, nicolae_swamp_triple_paths
Spider:1: layout_cave_pods, uniq_jorgrun
Spider:2: layout_spider_delve
Spider:3: layout_chambers, nicolae_spider_bug_shape, uniq_arachne, uniq_louise
Spider:4: grunt_spider_rune_circles, nicolae_spider_jagged_tunnels, uniq_aizul
Orc:1:    layout_caves, hangedman_minor_magic
Orc:2:    grunt_orc_community_town_hall, layout_caves,
          grunt_orc_community_big_house_2, grunt_orc_community_big_house_2,
          grunt_orc_community_house_1, grunt_orc_community_house_3,
          grunt_orc_community_house_3, grunt_orc_community_house_1,
          grunt_orc_community_house_1, biasface_ghost_orc_armoury, uniq_nessos,
          uniq_urug
Elf:1:    eino_elf_arrival_the_gate, layout_loops_cross, serial_glass,
          glass_columns_c, glass_columns_c, glass_columns_a, glass_columns_c,
          glass_columns_c, glass_columns_a, glass_columns_a, glass_columns_c,
          kennysheep_underground_church, evilmike_ambush
          [evilmike_ambush_outer_basic, evilmike_ambush_inner_wall_2]
Elf:2:    elven_hall_of_blades_hangedman_original
          [nicolae_blade_entry_diamond_columns], layout_gridlike

Skill      XL: |  1  2  3  4  5  6  7  8  9 10 11 12 13 14 15 16 17 18 19 |
---------------+----------------------------------------------------------+-----
Fighting       | 3 4 5 6 7 8 9 12 13 14 | 14.8
Dodging        | 2 3 4 5 6 9 10 11 12 14 | 14.0
Stealth        | 6 7 10 11 12 | 12.0
Evocations     | 1 2 3 4 7 8 9 |  9.8
Throwing       | 3 |  3.9
Shields        | 3 6 7 11 12 14 | 14.6
Invocations    | 2 4 6 8 9 10 11 | 11.0
Earth Magic    | 2 3 |  3.0
Long Blades    | 2 7 9 11 12 13 | 13.9
Slings         | 2 4 |  4.5
Spellcasting   | 1 3 4 5 6 |  6.5
Transmutations | 1 2 |  2.0
Maces & Flails | 1 5 |  5.9
Ice Magic      | 3 6 7 |  7.0
Conjurations   | 4 5 |  5.0
Hexes          | 4 5 |  5.0
Short Blades   | |  2.0

Action                   |  1- 3 |  4- 6 |  7- 9 | 10-12 | 13-15 | 16-18 | 19-21 || total
-------------------------+-------+-------+-------+-------+-------+-------+-------++-------
Melee: Dagger            |    84 |    96 |    73 |     1 |       |       |       ||   254
       Constrict         |    21 |    17 |    33 |    36 |   127 |   190 |    48 ||   472
       Tentacles         |    11 |    16 |    55 |    60 |   195 |   349 |    66 ||   752
       Punch             |     2 |       |     6 |     3 |    21 |    29 |     4 ||    65
       Whip              |       |       |     4 |       |       |       |       ||     4
       Falchion          |       |       |    97 |       |       |       |       ||    97
       Long sword        |       |       |    21 |       |       |       |       ||    21
       Flail             |       |       |     3 |    79 |       |       |       ||    82
       Scimitar          |       |       |       |    34 |       |       |       ||    34
       Demon blade       |       |       |       |   131 |   803 |  1060 |   191 ||  2185
 Fire: Hunting sling     |       |       |    54 |   236 |   195 |       |       ||   485
Throw: Dart              |       |    11 |    10 |    15 |    42 |    35 |     1 ||   114
       Javelin           |       |       |       |       |    42 |    81 |     3 ||   126
       Stone             |       |       |       |       |     2 |       |       ||     2
 Cast: Sandblast         |       |       |     2 |     6 |       |       |       ||     8
       Ozocubu's Armour  |       |       |       |       |    11 |    82 |     5 ||    98
       Dazzling Flash    |       |       |       |       |     3 |     2 |       ||     5
       Stone Arrow       |       |       |       |       |       |     1 |       ||     1
Invok: Heroism           |       |       |     4 |     7 |     9 |     8 |       ||    28
       Finesse           |       |       |       |       |     1 |       |       ||     1
       Duel              |       |       |       |       |       |       |     1 ||     1
Evoke: Wand              |       |       |     3 |     5 |     5 |    10 |       ||    23
       Tin of tremorston |       |       |       |       |       |     1 |       ||     1
  Use: Scroll            |       |       |    15 |    11 |    11 |     9 |       ||    46
       Potion            |       |       |       |     1 |     2 |     2 |       ||     5
 Stab: Sleeping          |    13 |    18 |     7 |     1 |    39 |    26 |    12 ||   116
       Distracted        |       |     1 |       |       |     3 |    11 |     4 ||    19
       Invisible         |       |     1 |     1 |       |     1 |       |       ||     3
       Paralysed         |       |       |     2 |       |       |       |       ||     2
Armor: Skin              |     5 |    15 |    41 |    24 |    73 |   108 |     2 ||   268
Dodge: Dodged            |    32 |    48 |   105 |   113 |   318 |   467 |    34 ||  1117
Block: Other             |       |    10 |    11 |       |       |       |       ||    21
       Kite shield       |       |       |    21 |       |    28 |  1065 |    87 ||  1201
       Buckler           |       |       |    54 |   139 |   428 |       |       ||   621
       Reflection        |       |       |     4 |     9 |    18 |    22 |    12 ||    65

Table legend: (Time is in decaauts)
 A = Elapsed time spent in this place.
 B = Non-inter-level travel time spent in this place.
 C = Inter-level travel time spent in this place.
 D = Time resting spent in this place.
 E = Time spent auto-exploring this place.
 F = Levels seen in this place.
 G = Mean time per level.
                   A        B        C        D        E       F      G
               +--------+--------+--------+--------+--------+-----+--------+
         Total |  42870 |  39703 |   3167 |  11996 |  17570 |  36 | 1190.8 |
       Dungeon |  16844 |  15445 |   1399 |   3766 |   7900 |  15 | 1122.9 |
        Temple |    398 |    360 |     38 |      0 |    343 |   1 |  398.0 |
          Lair |   8577 |   7909 |    668 |   2802 |   3659 |   6 | 1429.5 |
         Swamp |   2695 |   2456 |    239 |    495 |   1383 |   3 |  898.3 |
   Spider Nest |   6929 |   6425 |    504 |   2290 |   2212 |   4 | 1732.2 |
  Orcish Mines |   3908 |   3619 |    289 |   1138 |   1148 |   2 | 1954.0 |
   Elven Halls |   2071 |   2043 |     28 |    738 |    750 |   2 | 1035.5 |
        Bailey |    757 |    757 |      0 |    410 |    123 |   1 |  757.0 |
      Ice Cave |    666 |    666 |      0 |    346 |     52 |   1 |  666.0 |
         Arena |     21 |     21 |      0 |     11 |      0 |   1 |   21.0 |
               +--------+--------+--------+--------+--------+-----+--------+

Top non-repeatable levels by time:
  Lair:2: 2583 daAuts
Spider:1: 2299 daAuts
   Orc:1: 2057 daAuts
   Orc:2: 1851 daAuts
Spider:4: 1775 daAuts
    D:15: 1751 daAuts
Spider:3: 1727 daAuts
    D:10: 1710 daAuts
     D:9: 1493 daAuts
    D:11: 1396 daAuts
     D:7: 1387 daAuts
  Lair:1: 1353 daAuts
   Elf:1: 1346 daAuts
  Lair:4: 1335 daAuts
  Lair:6: 1288 daAuts
